 Dungeon Crawl Stone Soup version 0.27.0-1-g7a089689b8 (webtiles) character file.

Game seed: 18123763973033428296

2815 backslashecho the Cleaver (level 9, -11/59 HPs)
             Began as a Gargoyle Berserker on Aug 2, 2021.
             Was an Elder of Trog.
             Mangled by a seven-headed hydra (12 damage)
             ... on level 7 of the Dungeon on Aug 3, 2021.
             The game lasted 00:15:12 (7257 turns).

backslashecho the Cleaver (Gargoyle Berserker)      Turns: 7257, Time: 00:15:12

Health: -11/59     AC: 21    Str: 31    XL:     9   Next: 72%
Magic:  9/9        EV:  9    Int:  7    God:    Trog [****..]
Gold:   301        SH:  0    Dex:  9    Spells: 8/8 levels left

rFire    . . .     SeeInvis .   a - +2 hand axe
rCold    . . .     Faith    .   (no shield)
rNeg     + . .     Spirit   .   g - +0 chain mail
rPois    ∞         Reflect  .   o - +2 helmet
rElec    +         Harm     .   y - +0 cloak
rCorr    .         Rampage  .   (no gloves)
Will     ++...                  (no boots)
Stlth    ..........             j - amulet of regeneration
HPRegen  2.19/turn              A - +6 ring of strength
MPRegen  0.11/turn              (no ring)

@: strong-willed, on berserk cooldown, regenerating, slowed, studying Unarmed
Combat, very slow
A: sickness immunity, AC +6, negative energy resistance 1, electricity
resistance, torment resistance 1, petrification resistance
a: Renounce Religion, Berserk, Trog's Hand, Brothers in Arms


You were on level 7 of the Dungeon.
You worshipped Trog.
Trog was greatly pleased with you.
You visited 2 branches of the dungeon, and saw 8 of its levels.
You also visited: Ossuary.

You collected 301 gold pieces.

Inventory:

Hand Weapons
 a - a +2 hand axe (weapon)
Missiles
 B - 8 poisoned darts (quivered)
Armour
 g - a +0 chain mail (worn)
 h - a scarf of harm
 o - a +2 helmet (worn)
 y - a +0 cloak (worn)
Jewellery
 j - an amulet of regeneration (around neck)
 A - a +6 ring of strength (left hand)
Scrolls
 d - 2 scrolls of silence {unknown}
 e - 7 scrolls of teleportation {unknown}
 i - 2 scrolls of brand weapon {unknown}
 m - 2 scrolls of noise {unknown}
 q - 3 scrolls of enchant armour {unknown}
 r - 2 scrolls of amnesia {unknown}
 s - a scroll of immolation {unknown}
 u - 5 scrolls of identify {unknown}
 w - a scroll of fear {unknown}
 x - 2 scrolls of enchant weapon {unknown}
 z - 2 scrolls of torment {unknown}
Potions
 b - a potion of brilliance {unknown}
 c - 4 potions of heal wounds {unknown}
 f - a potion of flight {unknown}
 k - 2 potions of degeneration {unknown}
 l - 2 potions of berserk rage {unknown}
 n - 2 potions of might {unknown}
 p - 4 potions of attraction {unknown}
 t - 3 potions of ambrosia {unknown}
 v - 2 potions of curing


   Skills:
 + Level 7.9 Fighting
 * Level 8.9 Axes
 + Level 7.3 Armour
 - Level 1.5 Dodging
 - Level 1.0 Unarmed Combat


You had 8 spell levels left.
You didn't know any spells.
Your spell library was empty.

Dungeon Overview and Level Annotations

Branches:
Dungeon (7/15)             Temple (1/1) D:6         Ossuary (visited)

Altars:
Dithmenos
Elyvilon
Trog
Uskayaw
Xom
Yredelemnul

Shops:
D:6 :   D:7 (


Innate Abilities, Weirdness & Mutations

You are immune to sickness and miasma.
Your stone body is resilient. (AC +6)
You are immune to poison.
You resist negative energy. (rN+)
You are resistant to electric shocks. (rElec)
You are resistant to unholy torment.
You are immune to petrification.


Message History

The seven-headed hydra barely misses you.
The seven-headed hydra completely misses you.
The seven-headed hydra bites you but does no damage.
The seven-headed hydra closely misses you.
The seven-headed hydra bites you but does no damage.
The seven-headed hydra bites you!
The seven-headed hydra closely misses you.
You take 6 damage, and have 37/59 hp.
Your skin crawls.
You feel strong-willed. The seven-headed hydra bites you!
The seven-headed hydra bites you but does no damage.
The seven-headed hydra bites you.
The seven-headed hydra bites you but does no damage.
The seven-headed hydra bites you. x2
The seven-headed hydra bites you but does no damage.
You take 17 damage, and have 20/59 hp.
MASSIVE DAMAGE!!
The seven-headed hydra bites you. x2
* * * LOW HITPOINT WARNING * * *
The seven-headed hydra bites you but does no damage.
The seven-headed hydra completely misses you.
The seven-headed hydra bites you but does no damage. x3
You take 3 damage, and have 17/59 hp.
You fail to use your ability.
The seven-headed hydra closely misses you.
The seven-headed hydra bites you!
* * * LOW HITPOINT WARNING * * *
The seven-headed hydra bites you but does no damage. x5
You take 9 damage, and have 8/59 hp.
You fail to use your ability.
The seven-headed hydra bites you but does no damage. x2
The seven-headed hydra bites you!
* * * LOW HITPOINT WARNING * * *
The seven-headed hydra bites you but does no damage. x2
The seven-headed hydra closely misses you.
The seven-headed hydra bites you but does no damage. x2
The seven-headed hydra completely misses you.
The seven-headed hydra bites you but does no damage. x2
The seven-headed hydra bites you!
You die...

#.# #...# #..
#.###...## #..
#####.##8...8# #.#
#######.....###...## ..
#..>.....(..##.....##
##
##.####...###.......###
#.# #...#8.........8#
#.# #..##...........#
#.# ####.@D..###.....#
#.######.....## #.....
#.....#8....8# 8....
########..[##### #...
#).)))..# .. #####...#
# #....... #........
#........


You could see a seven-headed hydra.

Vanquished Creatures
  Maggie (D:6)
  Grinder (D:4)
  Sigmund (D:6)
  A steam dragon (D:5)
  Menkaure (D:5)
  Duvessa (D:5)
  A water moccasin (D:7)
  An ice beast (D:6)
  A phantom (D:6)
  2 elf zombies (Ossuary)
  A gnoll sergeant (D:6)
  2 scorpions
  Dowan (D:5)
  A water moccasin zombie (D:4)
  5 wights (D:7)
  A bullfrog zombie (D:5)
  A centaur zombie (Ossuary)
  A hound (D:5)
  2 jellies
  3 human zombies (Ossuary)
  An orc priest (D:6)
  Crazy Yiuf (D:5)
  2 bullfrog skeletons (D:5)
  A gnoll shaman (D:6)
  4 iguanas
  5 orc wizards (D:6)
  A killer bee zombie (D:6)
  A hound zombie (D:5)
  2 mummies (Ossuary)
  4 adders
  7 gnolls (D:6)
  A shadow imp (D:4)
  3 white imps (D:6)
  2 worms (D:2)
  An adder zombie (Ossuary)
  A dart slug (D:5)
  6 orcs
  4 ball pythons
  6 endoplasms
  5 giant cockroaches
  7 hobgoblins
  8 jackals (D:1)
  4 quokkas
  8 bats
  6 frilled lizards
  7 goblins
  3 goblin zombies (Ossuary)
  10 hobgoblin zombies (Ossuary)
  A jackal zombie (Ossuary)
  5 kobolds
  10 kobold zombies (Ossuary)
  6 orc zombies (Ossuary)
  4 rats
166 creatures vanquished.

Vanquished Creatures (others)
  A withered plant (D:2)
1 creature vanquished.

Grand Total: 167 creatures vanquished

Notes
Turn   | Place    | Note
-------+----------+-------------------------------------------
     0 | D:1      | backslashecho the Gargoyle Berserker began the quest for
                  | the Orb.
     0 | D:1      | Reached XP level 1. HP: 14/14 MP: 1/1
   147 | D:1      | Reached XP level 2. HP: 19/19 MP: 2/2
   203 | D:1      | Reached skill level 3 in Axes
   694 | D:1      | Reached XP level 3. HP: 23/23 MP: 3/3
   698 | D:1      | Reached skill level 1 in Unarmed Combat
  1634 | D:2      | Reached ** piety under Trog
  1656 | D:2      | Reached XP level 4. HP: 29/29 MP: 4/4
  1742 | D:2      | Found a faded altar of an unknown god.
  3194 | D:4      | Noticed Grinder
  3195 | D:4      | Paralysed by Grinder for 4 turns
  3224 | D:4      | Killed Grinder
  3225 | D:4      | Reached skill level 4 in Axes
  3225 | D:4      | Reached XP level 5. HP: 34/34 MP: 5/5
  3225 | D:4      | Reached XP level 6. HP: 39/39 MP: 6/6
  3405 | D:4      | Reached skill level 5 in Axes
  3800 | D:4      | Reached skill level 5 in Fighting
  3841 | D:5      | Entered Level 5 of the Dungeon
  3841 | D:5      | Noticed Duvessa
  3841 | D:5      | Noticed Dowan
  3922 | D:5      | Reached XP level 7. HP: 43/44 MP: 7/7
  4088 | D:5      | Noticed Menkaure
  4109 | D:5      | Killed Menkaure
  4265 | D:5      | Killed Duvessa
  4266 | D:5      | Reached skill level 6 in Axes
  4274 | D:5      | Killed Dowan
  4275 | D:5      | Reached skill level 5 in Armour
  4275 | D:5      | Reached XP level 8. HP: 51/51 MP: 8/8
  4922 | D:5      | Found a runed translucent door.
  4923 | D:5      | Noticed Crazy Yiuf
  5060 | D:5      | Killed Crazy Yiuf
  5189 | D:6      | Noticed Maggie
  5202 | D:6      | Reached skill level 7 in Axes
  5204 | D:6      | Killed Maggie
  5292 | D:6      | Reached XP level 9. HP: 47/56 MP: 9/9
  5470 | D:6      | Reached *** piety under Trog
  5493 | D:6      | Reached skill level 8 in Axes
  5522 | D:6      | Found a sand-covered staircase.
  5530 | Ossuary  | Entered an ossuary
  5854 | Ossuary  | Reached **** piety under Trog
  6030 | D:6      | Found a staircase to the Ecumenical Temple.
  6030 | D:6      | Noticed Sigmund
  6046 | D:6      | Killed Sigmund
  6057 | Temple   | Entered the Ecumenical Temple
  6207 | D:6      | Found Komuocie's Book Shoppe.
  6916 | D:7      | Found Wisito Ron's Weapon Shoppe.
  7248 | D:7      | Noticed a seven-headed hydra
  7257 | D:7      | HP: 1/59 [seven-headed hydra (10)]
  7257 | D:7      | Mangled by a seven-headed hydra

Illustrated notes

Levels and vault maps discovered:
D:1:      lemuel_arrival_funnel, layout_loops_corners, minmay_octomino_e4
D:2:      layout_basic, ebering_ecumenical_altar_petrified,
          minmay_split_cup_small
D:3:      layout_basic
D:4:      layout_basic, serial_curves, eino_curves_03, eino_curves_02,
          minmay_manual_macuahuitl, uniq_grinder
D:5:      layout_cave_pods, uniq_duvessa, uniq_crazy_yiuf_cottage, uniq_menkaure
D:6:      layout_rooms, minmay_temple_entry_sparse_star, serial_shops,
          nicolae_square_shop, lightli_ossuary_entry_decrepit_ruins,
          serial_co_window_serial, co_window_of_opportunity_a,
          co_window_paths_b, co_window_of_opportunity_a, co_window_paths_a,
          co_window_of_opportunity_a, co_window_paths_b, co_window_broadway_c,
          co_window_corner_b, co_window_2corner, co_window_broadway_c,
          glass_columns_b, glass_columns_a, glass_columns_b, uniq_maggie,
          uniq_sigmund
D:7:      layout_basic, serial_shops, shop, serial_corexii_hall,
          chequers_hall_statues_y, chequers_hall_statues_wall_a,
          corexii_hall_statues_x, corexii_hall_statues_l,
          gammafunk_ghost_nasty_kobolds, minmay_starry_boxes
Temple:   compressed_dpeg_triangle_lava_temple

Skill      XL: |  1  2  3  4  5  6  7  8  9 |
---------------+----------------------------+-----
Axes           | 3 4 5 6 7 8 |  8.9
Unarmed Combat | 1 |  1.0
Fighting       | 4 5 6 7 |  7.9
Armour         | 3 4 5 6 7 |  7.3
Dodging        | |  1.5

Action                   |  1- 3 |  4- 6 |  7- 9 || total
-------------------------+-------+-------+-------++-------
Melee: Hand axe          |   116 |   164 |   558 ||   838
       Punch             |       |       |     4 ||     4
Invok: Berserk           |     4 |     1 |     6 ||    11
       Trog's Hand       |       |     1 |     6 ||     7
Armor: Animal skin       |    20 |       |       ||    20
       Chain mail        |    32 |   109 |   353 ||   494
Dodge: Dodged            |    58 |    56 |   190 ||   304
